Staline vs Scraper
Created - 6 novembre 2014 at 23:49
Goals
|
| Staline |
0 |
4 |
4 |
8 |
| Scraper |
0 |
1 |
2 |
3 |
|
Shots
|
| Staline |
7 |
19 |
11 |
37 |
| Scraper |
9 |
10 |
9 |
28 |
|
1st period
No Goal
Penalties :
Mason Raymond (StJ) for Boarding (Minor) at 1:55, Tyler Cuma (StJ) for Holding (Minor) at 14:22
2nd period
1. Scraper , Ben Eager 6 (Reilly Smith, Ryan O'Reilly) at 3:19
2. Staline , Cam Janssen 6 (Andrei Loktionov, Mason Raymond) at 5:03
3. Staline , Brandon Prust 8 (Tyler Cuma, Yan Stastny) at 6:52 (PP)
4. Staline , Andrei Loktionov 17 (Cam Janssen) at 7:00
5. Staline , Andrei Loktionov 18 (Mason Raymond, Cam Janssen) at 15:48
Penalties :
Jared Cowen (Out) for Tripping (Minor) at 5:06, Valeri Bure (Out) for Hooking (Minor) at 7:03
3rd period
6. Scraper , Ryan O'Reilly 5 (Ben Eager) at 0:33
7. Staline , Devin Setoguchi 15 (Brandon Prust) at 3:46 (PP)
8. Staline , Devin Setoguchi 16 (Brandon Prust) at 5:10
9. Staline , Cam Janssen 7 (Andrei Loktionov) at 5:18
10. Staline , Brandon Prust 9 (Yan Stastny, Devin Setoguchi) at 16:14 (PP)
11. Scraper , Evander Kane 14 (Denis Shvidki, Derek Joslin) at 18:32
Penalties :
T.J. Fast (StJ) for Hooking (Minor) at 0:42, Marcus Foligno (Out) for Delaying the game (Minor) at 3:06, Greg Pateryn (StJ) for Hooking (Minor) at 13:12, Maxime Ouellet (Out) for Slashing (Minor) at 16:04 - Ben Eager served the penalty
Goalie Stats
Tobias Stephan (StJ), 25 saves from 28 shots - (0,893), W, 13-3-1, 60:00 minutes
Maxime Ouellet (Out), 7 saves from 9 shots - (0,778), 14:50 minutes
Peter Mannino (Out), 22 saves from 28 shots - (0,786), L, 6-7-0, 45:10 minutes
Players Stats for Staline
Player Name G A P +/- PIM S H SB GA TA FO MP PP MP PK MP
------------------------------------------------------------------------------------
Andrei Loktionov 2 2 4 2 0 4 0 0 0 1 9/16 14:03 1:14 0:00
Brandon Prust 2 2 4 0 0 7 3 0 0 0 2/2 23:12 3:21 3:14
Cam Janssen 2 2 4 2 0 3 3 0 0 0 0/0 16:03 1:14 2:00
Devin Setoguchi 2 1 3 0 0 7 1 0 0 1 4/9 24:03 3:21 4:00
Greg Pateryn 0 0 0 0 2 0 1 0 0 0 0/0 12:38 0:00 0:51
J.T. Wyman 0 0 0 0 0 0 0 0 0 0 0/0 9:33 0:00 0:00
James Sheppard 0 0 0 0 0 0 0 0 0 0 0/0 7:05 0:00 0:00
Jared Boll 0 0 0 0 0 3 1 0 0 0 0/1 7:05 0:00 0:00
Mason Raymond 0 2 2 2 2 2 5 0 2 1 1/1 15:58 1:14 0:31
Mathieu Perreault 0 0 0 0 0 0 0 0 0 0 0/0 9:33 0:00 0:00
Nick Spaling 0 0 0 0 0 0 2 1 0 0 1/1 11:01 0:00 1:26
Stu Bickel 0 0 0 1 0 0 2 1 0 0 0/0 27:08 2:02 4:40
T.J. Fast 0 0 0 1 2 3 1 2 0 1 0/0 21:56 2:02 0:23
Theo Peckham 0 0 0 1 0 1 2 1 0 0 0/0 23:14 2:33 3:10
Torey Krug 0 0 0 0 0 2 0 0 0 0 0/0 16:01 0:00 4:37
Tyler Cuma 0 1 1 1 2 3 1 0 0 0 0/0 20:20 2:33 2:11
Yan Stastny 0 2 2 0 0 2 3 2 0 0 15/29 24:03 3:21 4:00
Zac Rinaldo 0 0 0 0 0 0 2 0 0 0 3/3 9:04 0:00 0:41
Players Stats for Scraper
Player Name G A P +/- PIM S H SB GA TA FO MP PP MP PK MP
------------------------------------------------------------------------------------
Ben Eager 1 1 2 1 0 1 3 1 0 0 0/0 16:29 0:00 0:25
Brayden Schenn 0 0 0 -1 0 0 2 2 0 0 10/29 20:28 4:02 0:16
Brendan Smith 0 0 0 -1 0 1 3 1 0 1 0/0 25:55 4:48 1:50
Cameron Gaunce 0 0 0 0 0 0 0 0 0 0 0/0 0:00 0:00 0:00
Daniel Winnik 0 0 0 -1 0 1 0 1 0 0 0/0 9:05 3:41 0:00
Denis Shvidki 0 1 1 -1 0 2 2 0 0 0 1/1 19:56 4:15 0:00
Derek Joslin 0 1 1 -1 0 1 1 1 0 0 1/1 23:48 4:48 3:07
Eric Godard 0 0 0 -1 0 1 1 0 0 0 0/0 7:55 0:00 0:57
Eric Gryba 0 0 0 -1 0 3 2 0 0 0 0/0 20:30 3:08 0:36
Eric Knodel 0 0 0 0 0 0 0 0 0 0 0/0 0:32 0:00 0:32
Evander Kane 1 0 1 -1 0 6 2 0 3 0 0/0 19:56 4:15 0:00
Ilkka Heikkinen 0 0 0 0 0 1 0 0 0 0 0/0 18:20 3:08 3:27
Jared Cowen 0 0 0 -1 2 0 1 2 0 0 0/0 21:49 0:00 2:13
Jerome Samson 0 0 0 0 0 0 0 0 0 0 0/0 0:00 0:00 0:00
Joe Finley 0 0 0 0 0 0 4 2 0 0 0/0 12:12 0:00 0:32
Marcus Foligno 0 0 0 -1 2 4 2 0 0 1 0/1 10:19 0:00 0:00
Reilly Smith 0 1 1 1 0 0 2 1 1 0 0/1 19:30 3:41 0:00
Rick Schofield 0 0 0 0 0 1 0 0 0 0 1/6 2:57 0:00 2:57
Roman Horak 0 0 0 -2 0 0 1 0 0 0 5/12 15:25 0:13 1:03
Ryan O'Reilly 1 1 2 1 0 3 1 0 0 0 9/11 16:04 0:00 0:00
Valeri Bure 0 0 0 -1 2 3 2 0 0 0 0/0 14:12 3:41 0:25
3 Stars
1 - Cam Janssen (StJ)
2 - Andrei Loktionov (StJ)
3 - Brandon Prust (StJ)
Power Play
Staline - 3 on 4 Attempt(s) - 75,00%
Scraper - 0 on 4 Attempt(s) - 0,00%
Penalty Kill
Staline - 4 on 4 Attempt(s) - 100,00%
- Score 0 goal in Penalty Kill
Scraper - 1 on 4 Attempt(s) - 25,00%
- Score 0 goal in Penalty Kill
Official
Referees : Fraser Kerry and L'Ecuyer Frederick
Linesman : Mark Pare and Bryan Pancich
Game Notes
Maxime Ouellet enters game at 5:10 of 3rd period
Finance
Level 1 -- Attendance: 1540 (77,00%) -- Ticket Income 61 600 $
Level 2 -- Attendance: 780 (78,00%) -- Ticket Income 15 600 $
Total Attendance: 2320 (77,33%)
Total Ticket Income: 77 200 $
Other Income: 3 860 $
Total Income: 81 060 $
Staline
5 vs 5 Forward
Center Left Wing Right Wing Time % Phy DF OF
1 Yan Stastny Brandon Prust Devin Setoguchi 40 1 2 2
2 Andrei Loktionov Mason Raymond Cam Janssen 30 1 2 2
3 Mathieu Perreault Nick Spaling J.T. Wyman 20 1 2 2
4 Zac Rinaldo James Sheppard Jared Boll 10 1 2 2
5 vs 5 Defense
Defense Defense Time % Phy DF OF
1 T.J. Fast Stu Bickel 40 1 2 2
2 Theo Peckham Tyler Cuma 30 1 2 2
3 Torey Krug Greg Pateryn 20 1 2 2
4 Theo Peckham Stu Bickel 10 1 2 2
PowerPlay Forward
Center Left Wing Right Wing Time % Phy DF OF
1 Yan Stastny Brandon Prust Devin Setoguchi 60 1 2 2
2 Andrei Loktionov Mason Raymond Cam Janssen 40 1 2 2
PowerPlay Defense
Defense Defense Time % Phy DF OF
1 T.J. Fast Stu Bickel 60 1 2 2
2 Theo Peckham Tyler Cuma 40 1 2 2
Penalty Kill 4 Players Forward
Center Wing Time % Phy DF OF
1 Devin Setoguchi Yan Stastny 60 1 2 2
2 Brandon Prust Cam Janssen 40 1 2 2
Penalty Kill 4 Players Defense
Defense Defense Time % Phy DF OF
1 Torey Krug Stu Bickel 60 1 2 2
2 Theo Peckham Tyler Cuma 40 1 2 2
Penalty Kill - 3 Players Forward
Forward Time % Phy DF OF
1 Devin Setoguchi 60 1 2 2
2 Yan Stastny 40 1 2 2
Penalty Kill - 3 Players Defense
Defense Defense Time % Phy DF OF
1 T.J. Fast Stu Bickel 60 1 2 2
2 Theo Peckham Tyler Cuma 40 1 2 2
4 vs 4 Forward
Center Wing Time % Phy DF OF
1 Devin Setoguchi Yan Stastny 60 1 2 2
2 Brandon Prust Cam Janssen 40 1 2 2
4 vs 4 Defense
Defense Defense Time % Phy DF OF
1 Greg Pateryn Stu Bickel 60 1 2 2
2 Theo Peckham Tyler Cuma 40 1 2 2
Last Minutes Offensive
Center Left Wing Right Wing Defense Defense
Yan Stastny Brandon Prust Devin Setoguchi T.J. Fast Stu Bickel
Last Minutes Defensive
Center Left Wing Right Wing Defense Defense
Yan Stastny Brandon Prust Devin Setoguchi T.J. Fast Stu Bickel
Goaltenders
Starting : Tobias Stephan
Backup : Martin Houle
Extra Forwards
Normal : J.T. Wyman, Jared Boll, Nick Spaling - PP : J.T. Wyman, Jared Boll - PK : Nick Spaling
Extra Defensemen
Normal : Torey Krug, Greg Pateryn, Theo Peckham - PP : Torey Krug - PK : Greg Pateryn, Theo Peckham
Penalty Shots
Devin Setoguchi, Yan Stastny, Brandon Prust, Cam Janssen, Andrei Loktionov
Scraper
5 vs 5 Forward
Center Left Wing Right Wing Time % Phy DF OF
1 Brayden Schenn Evander Kane Denis Shvidki 35 1 2 2
2 Ryan O'Reilly Ben Eager Reilly Smith 35 1 2 2
3 Roman Horak Marcus Foligno Valeri Bure 25 1 2 2
4 Roman Horak Daniel Winnik Eric Godard 5 1 2 2
5 vs 5 Defense
Defense Defense Time % Phy DF OF
1 Brendan Smith Jared Cowen 40 1 2 2
2 Derek Joslin Eric Gryba 35 1 2 2
3 Joe Finley Ilkka Heikkinen 15 1 2 2
4 Brendan Smith Jared Cowen 10 1 2 2
PowerPlay Forward
Center Left Wing Right Wing Time % Phy DF OF
1 Brayden Schenn Evander Kane Denis Shvidki 60 1 2 2
2 Reilly Smith Daniel Winnik Valeri Bure 40 1 2 2
PowerPlay Defense
Defense Defense Time % Phy DF OF
1 Derek Joslin Brendan Smith 60 1 2 2
2 Eric Gryba Ilkka Heikkinen 40 1 2 2
Penalty Kill 4 Players Forward
Center Wing Time % Phy DF OF
1 Rick Schofield Derek Joslin 60 1 2 2
2 Roman Horak Valeri Bure 40 1 2 2
Penalty Kill 4 Players Defense
Defense Defense Time % Phy DF OF
1 Ilkka Heikkinen Jared Cowen 60 1 2 2
2 Eric Gryba Brendan Smith 40 1 2 2
Penalty Kill - 3 Players Forward
Forward Time % Phy DF OF
1 Roman Horak 60 1 2 2
2 Rick Schofield 40 1 2 2
Penalty Kill - 3 Players Defense
Defense Defense Time % Phy DF OF
1 Derek Joslin Jared Cowen 60 1 2 2
2 Eric Gryba Brendan Smith 40 1 2 2
4 vs 4 Forward
Center Wing Time % Phy DF OF
1 Ryan O'Reilly Denis Shvidki 60 1 2 2
2 Rick Schofield Valeri Bure 40 1 2 2
4 vs 4 Defense
Defense Defense Time % Phy DF OF
1 Brendan Smith Jared Cowen 60 1 2 2
2 Derek Joslin Ilkka Heikkinen 40 1 2 2
Last Minutes Offensive
Center Left Wing Right Wing Defense Defense
Brayden Schenn Evander Kane Denis Shvidki Derek Joslin Brendan Smith
Last Minutes Defensive
Center Left Wing Right Wing Defense Defense
Rick Schofield Ben Eager Denis Shvidki Jared Cowen Brendan Smith
Goaltenders
Starting : Peter Mannino
Backup : Maxime Ouellet
Extra Forwards
Normal : Evander Kane, Reilly Smith, Eric Godard - PP : Evander Kane, Reilly Smith - PK : Eric Godard
Extra Defensemen
Normal : Eric Gryba, Jared Cowen, Ilkka Heikkinen - PP : Eric Gryba - PK : Jared Cowen, Ilkka Heikkinen
Penalty Shots
Denis Shvidki, Ryan O'Reilly, Evander Kane, Valeri Bure, Ben Eager
% Time on Ice - Staline
Lines # - Real PCT - Wanted PCT - Time Play
Normal Forward
1 - 38% - 40% - 18:02
2 - 27% - 30% - 12:49
3 - 20% - 20% - 9:33
4 - 15% - 10% - 7:05
Normal Defense
1 - 41% - 40% - 19:15
2 - 33% - 30% - 15:51
3 - 22% - 20% - 10:30
4 - 4% - 10% - 1:53
PP Forward
1 - 73% - 60% - 3:21
2 - 27% - 40% - 1:14
PP Defense
1 - 44% - 60% - 2:02
2 - 56% - 40% - 2:33
PK Forward
1 - 75% - 60% - 5:56
2 - 25% - 40% - 2:00
PK Defense
1 - 57% - 60% - 4:31
2 - 43% - 40% - 3:25
PK3 Forward
1 - 0% - 60%
2 - 0% - 40%
PK3 Defense
1 - 0% - 60%
2 - 0% - 40%
44 Forward
1 - 0% - 60%
2 - 0% - 40%
44 Defense
1 - 0% - 60%
2 - 0% - 40%
Last Minute Offensive - 0:00
Last Minute Defensive - 0:00
Total
Forward - 60:00
Defense - 60:00
|
% Time on Ice - Scraper
Lines # - Real PCT - Wanted PCT - Time Play
Normal Forward
1 - 33% - 35% - 15:38
2 - 34% - 35% - 16:12
3 - 22% - 25% - 10:20
4 - 11% - 5% - 5:19
Normal Defense
1 - 40% - 40% - 18:46
2 - 34% - 35% - 16:07
3 - 24% - 15% - 11:11
4 - 3% - 10% - 1:25
PP Forward
1 - 54% - 60% - 4:15
2 - 46% - 40% - 3:41
PP Defense
1 - 61% - 60% - 4:48
2 - 39% - 40% - 3:08
PK Forward
1 - 77% - 60% - 3:32
2 - 23% - 40% - 1:03
PK Defense
1 - 87% - 60% - 3:59
2 - 13% - 40% - 0:36
PK3 Forward
1 - 0% - 60%
2 - 0% - 40%
PK3 Defense
1 - 0% - 60%
2 - 0% - 40%
44 Forward
1 - 0% - 60%
2 - 0% - 40%
44 Defense
1 - 0% - 60%
2 - 0% - 40%
Last Minute Offensive - 0:00
Last Minute Defensive - 0:00
Total
Forward - 60:00
Defense - 60:00
|
Play by Play
1st period
0:01 of 1st period - Brayden Schenn wins face-off versus Yan Stastny in neutral zone.
0:13 of 1st period - Off-side.
0:14 of 1st period - Ryan O'Reilly wins face-off versus Andrei Loktionov in neutral zone.
0:46 of 1st period - J.T. Wyman is hit by Joe Finley and loses puck.
1:01 of 1st period - Torey Krug is hit by Brayden Schenn and loses puck.
1:47 of 1st period - Stu Bickel is hit by Eric Gryba and loses puck.
1:55 of 1st period - Minor Penalty to Mason Raymond for Boarding.
1:56 of 1st period - Brayden Schenn wins face-off versus Devin Setoguchi in Staline zone.
2:06 of 1st period - Yan Stastny is hit by Denis Shvidki and loses puck.
3:55 of 1st period - Penalty to Mason Raymond is over, Mason Raymond is back on ice.
4:30 of 1st period - Valeri Bure is hit by Zac Rinaldo and loses puck.
4:58 of 1st period - Daniel Winnik is hit by Nick Spaling and loses puck.
5:38 of 1st period - Evander Kane is hit by Mason Raymond and loses puck.
6:10 of 1st period - Snap shot by Jared Boll.
6:10 of 1st period - Stopped by Peter Mannino with a rebound.
7:00 of 1st period - Ben Eager is hit by Yan Stastny and loses puck.
7:05 of 1st period - Snap shot by Yan Stastny.
7:05 of 1st period - Stopped by Peter Mannino with a rebound.
8:02 of 1st period - Valeri Bure is hit by Jared Boll and loses puck.
8:07 of 1st period - Wrist shot by Jared Boll.
8:07 of 1st period - Stopped by Peter Mannino without a rebound.
8:08 of 1st period - Ryan O'Reilly wins face-off versus Jared Boll in Scraper zone.
8:13 of 1st period - Theo Peckham is hit by Reilly Smith and loses puck.
8:28 of 1st period - Slapshot by T.J. Fast.
8:28 of 1st period - Shot Blocked by Jared Cowen.
8:30 of 1st period - Wrist shot by Jared Boll.
8:30 of 1st period - Stopped by Peter Mannino without a rebound.
8:31 of 1st period - Roman Horak wins face-off versus Yan Stastny in Scraper zone.
8:36 of 1st period - Snap shot by Daniel Winnik.
8:36 of 1st period - Shot Misses the Net.
8:44 of 1st period - Snap shot by Devin Setoguchi.
8:44 of 1st period - Stopped by Peter Mannino with a rebound.
8:46 of 1st period - Slapshot by Tyler Cuma.
8:46 of 1st period - Stopped by Peter Mannino without a rebound.
8:47 of 1st period - Denis Shvidki wins face-off versus Andrei Loktionov in Scraper zone.
8:54 of 1st period - Backhand shot by Denis Shvidki.
8:54 of 1st period - Stopped by Tobias Stephan without a rebound.
8:55 of 1st period - Brayden Schenn wins face-off versus Andrei Loktionov in Staline zone.
9:08 of 1st period - Evander Kane is hit by Mason Raymond and loses puck.
9:21 of 1st period - Snap shot by Evander Kane.
9:21 of 1st period - Shot Blocked by T.J. Fast.
9:23 of 1st period - Slapshot by Eric Gryba.
9:23 of 1st period - Stopped by Tobias Stephan with a rebound.
9:25 of 1st period - Wrist shot by Brayden Schenn.
9:25 of 1st period - Shot Misses the Net.
9:27 of 1st period - Wrist shot by Derek Joslin.
9:27 of 1st period - Stopped by Tobias Stephan without a rebound.
9:28 of 1st period - Brandon Prust wins face-off versus Ryan O'Reilly in Staline zone.
9:55 of 1st period - Theo Peckham is hit by Brendan Smith and loses puck.
10:02 of 1st period - Wrist shot by Valeri Bure.
10:02 of 1st period - Stopped by Tobias Stephan without a rebound.
10:03 of 1st period - Yan Stastny wins face-off versus Brayden Schenn in Staline zone.
10:38 of 1st period - Icing by Ilkka Heikkinen.
10:39 of 1st period - Ryan O'Reilly wins face-off versus Yan Stastny in Scraper zone.
11:06 of 1st period - Theo Peckham is hit by Joe Finley and loses puck.
11:25 of 1st period - Wrist shot by Valeri Bure.
11:25 of 1st period - Shot Blocked by Nick Spaling.
11:43 of 1st period - Marcus Foligno is hit by Stu Bickel and loses puck.
11:51 of 1st period - Off-side.
11:52 of 1st period - Andrei Loktionov wins face-off versus Brayden Schenn in neutral zone.
12:18 of 1st period - Brendan Smith is hit by Brandon Prust and loses puck.
12:45 of 1st period - Snap shot by Eric Godard.
12:45 of 1st period - Shot Blocked by Theo Peckham.
13:09 of 1st period - Nick Spaling is hit by Brayden Schenn and loses puck.
13:20 of 1st period - Nick Spaling is hit by Ben Eager and loses puck.
13:38 of 1st period - Mathieu Perreault is hit by Valeri Bure and loses puck.
13:59 of 1st period - Eric Gryba is hit by Brandon Prust.
14:22 of 1st period - Minor Penalty to Tyler Cuma for Holding.
14:23 of 1st period - Devin Setoguchi wins face-off versus Brayden Schenn in Staline zone.
14:34 of 1st period - Wrist shot by Evander Kane.
14:34 of 1st period - Stopped by Tobias Stephan with a rebound.
14:36 of 1st period - Slapshot by Evander Kane.
14:36 of 1st period - Shot Misses the Net.
15:30 of 1st period - Brayden Schenn is hit by Brandon Prust and loses puck.
16:22 of 1st period - Penalty to Tyler Cuma is over, Tyler Cuma is back on ice.
16:37 of 1st period - Slapshot by T.J. Fast.
16:37 of 1st period - Stopped by Peter Mannino without a rebound.
16:38 of 1st period - Andrei Loktionov wins face-off versus Roman Horak in Scraper zone.
18:03 of 1st period - Brayden Schenn is hit by Theo Peckham and loses puck.
18:20 of 1st period - T.J. Fast is hit by Ben Eager and loses puck.
18:28 of 1st period - Icing by J.T. Wyman.
18:29 of 1st period - Yan Stastny wins face-off versus Roman Horak in Staline zone.
18:29 of 1st period - Yan Stastny is hit by Valeri Bure.
18:37 of 1st period - Snap shot by Marcus Foligno.
18:37 of 1st period - Stopped by Tobias Stephan with a rebound.
18:53 of 1st period - Wrist shot by Denis Shvidki.
18:53 of 1st period - Stopped by Tobias Stephan with a rebound.
18:55 of 1st period - Slapshot by Brendan Smith.
18:55 of 1st period - Stopped by Tobias Stephan without a rebound.
18:56 of 1st period - Ryan O'Reilly wins face-off versus Yan Stastny in Staline zone.
19:26 of 1st period - Snap shot by Evander Kane.
19:26 of 1st period - Stopped by Tobias Stephan without a rebound.
19:27 of 1st period - Brayden Schenn wins face-off versus Andrei Loktionov in Staline zone.
Goals for this period are 0 for Staline vs 0 for Scraper.
Shots for this period are 7 for Staline vs 9 for Scraper.
2nd period
0:01 of 2nd period - Yan Stastny wins face-off versus Brayden Schenn in neutral zone.
0:04 of 2nd period - Snap shot by Brandon Prust.
0:04 of 2nd period - Shot Misses the Net.
0:26 of 2nd period - Ryan O'Reilly is hit by Cam Janssen and loses puck.
0:35 of 2nd period - Wrist shot by Mason Raymond.
0:35 of 2nd period - Shot Hit the Post.
0:37 of 2nd period - Wrist shot by Theo Peckham.
0:37 of 2nd period - Stopped by Peter Mannino with a rebound.
0:56 of 2nd period - Snap shot by Valeri Bure.
0:56 of 2nd period - Stopped by Tobias Stephan without a rebound.
0:57 of 2nd period - Yan Stastny wins face-off versus Brayden Schenn in Staline zone.
1:02 of 2nd period - Snap shot by Devin Setoguchi.
1:02 of 2nd period - Stopped by Peter Mannino without a rebound.
1:03 of 2nd period - Yan Stastny wins face-off versus Brayden Schenn in Scraper zone.
1:08 of 2nd period - Snap shot by Yan Stastny.
1:08 of 2nd period - Shot Misses the Net.
1:33 of 2nd period - Snap shot by Andrei Loktionov.
1:33 of 2nd period - Stopped by Peter Mannino with a rebound.
1:35 of 2nd period - Snap shot by T.J. Fast.
1:35 of 2nd period - Stopped by Peter Mannino without a rebound.
1:36 of 2nd period - Andrei Loktionov wins face-off versus Roman Horak in Scraper zone.
1:37 of 2nd period - Slapshot by Mason Raymond.
1:37 of 2nd period - Deflect By Brendan Smith.
1:37 of 2nd period - Shot Misses the Net.
1:37 of 2nd period - Puck is out of play.
1:38 of 2nd period - Roman Horak wins face-off versus Yan Stastny in Scraper zone.
1:38 of 2nd period - Roman Horak is hit by Greg Pateryn.
1:56 of 2nd period - Brendan Smith is hit by Yan Stastny and loses puck.
2:33 of 2nd period - Stu Bickel is hit by Denis Shvidki and loses puck.
2:38 of 2nd period - Wrist shot by Denis Shvidki.
2:38 of 2nd period - Shot Blocked by T.J. Fast.
2:40 of 2nd period - Snap shot by Evander Kane.
2:40 of 2nd period - Deflect By T.J. Fast.
2:40 of 2nd period - Shot Misses the Net.
2:40 of 2nd period - Puck is out of play.
2:41 of 2nd period - Yan Stastny wins face-off versus Brayden Schenn in Staline zone.
3:19 of 2nd period - Snap shot by Ben Eager.
3:19 of 2nd period - Goal by Ben Eager - Staline : 0 - Scraper : 1.
3:20 of 2nd period - Roman Horak wins face-off versus Yan Stastny in neutral zone.
3:29 of 2nd period - Slapshot by Valeri Bure.
3:29 of 2nd period - Stopped by Tobias Stephan with a rebound.
3:31 of 2nd period - Wrist shot by Marcus Foligno.
3:31 of 2nd period - Stopped by Tobias Stephan without a rebound.
3:32 of 2nd period - Brayden Schenn wins face-off versus Yan Stastny in Staline zone.
3:33 of 2nd period - Wrist shot by Evander Kane.
3:33 of 2nd period - Stopped by Tobias Stephan with a rebound.
3:39 of 2nd period - Wrist shot by Brandon Prust.
3:39 of 2nd period - Stopped by Peter Mannino with a rebound.
3:41 of 2nd period - Backhand shot by Yan Stastny.
3:41 of 2nd period - Deflect By Brandon Prust.
3:41 of 2nd period - Stopped by Peter Mannino without a rebound.
3:42 of 2nd period - Brayden Schenn wins face-off versus Yan Stastny in Scraper zone.
3:49 of 2nd period - Slapshot by Devin Setoguchi.
3:49 of 2nd period - Shot Misses the Net.
4:01 of 2nd period - Snap shot by Evander Kane.
4:01 of 2nd period - Stopped by Tobias Stephan with a rebound.
4:17 of 2nd period - Snap shot by Brandon Prust.
4:17 of 2nd period - Stopped by Peter Mannino with a rebound.
4:19 of 2nd period - Snap shot by Devin Setoguchi.
4:19 of 2nd period - Stopped by Peter Mannino with a rebound.
4:21 of 2nd period - Wrist shot by Devin Setoguchi.
4:21 of 2nd period - Deflect By Brandon Prust.
4:21 of 2nd period - Stopped by Peter Mannino without a rebound.
4:22 of 2nd period - Ryan O'Reilly wins face-off versus Andrei Loktionov in Scraper zone.
4:29 of 2nd period - Slapshot by Tyler Cuma.
4:29 of 2nd period - Shot Misses the Net.
4:31 of 2nd period - Backhand shot by Tyler Cuma.
4:31 of 2nd period - Deflect By Andrei Loktionov.
4:31 of 2nd period - Shot Blocked by Ben Eager.
4:31 of 2nd period - Puck is out of play.
4:32 of 2nd period - Andrei Loktionov wins face-off versus Ryan O'Reilly in Scraper zone.
5:01 of 2nd period - Wrist shot by Andrei Loktionov.
5:01 of 2nd period - Stopped by Peter Mannino with a rebound.
5:03 of 2nd period - Slapshot by Cam Janssen.
5:03 of 2nd period - Goal by Cam Janssen - Staline : 1 - Scraper : 1.
5:04 of 2nd period - Roman Horak wins face-off versus Yan Stastny in neutral zone.
5:06 of 2nd period - Minor Penalty to Jared Cowen for Tripping.
5:07 of 2nd period - Yan Stastny wins face-off versus Rick Schofield in Scraper zone.
5:21 of 2nd period - Snap shot by Devin Setoguchi.
5:21 of 2nd period - Deflect By Derek Joslin.
5:21 of 2nd period - Stopped by Peter Mannino without a rebound.
5:22 of 2nd period - Brandon Prust wins face-off versus Rick Schofield in Scraper zone.
5:35 of 2nd period - Wrist shot by Brandon Prust.
5:35 of 2nd period - Shot Misses the Net.
5:37 of 2nd period - Snap shot by T.J. Fast.
5:37 of 2nd period - Shot Blocked by Brendan Smith.
5:47 of 2nd period - Derek Joslin is hit by Mason Raymond and loses puck.
6:24 of 2nd period - Snap shot by Eric Godard.
6:24 of 2nd period - Stopped by Tobias Stephan with a rebound.
6:50 of 2nd period - Snap shot by Tyler Cuma.
6:50 of 2nd period - Stopped by Peter Mannino with a rebound.
6:52 of 2nd period - Slapshot by Brandon Prust.
6:52 of 2nd period - Goal by Brandon Prust - Staline : 2 - Scraper : 1.
6:53 of 2nd period - Andrei Loktionov wins face-off versus Marcus Foligno in neutral zone.
6:58 of 2nd period - Snap shot by Andrei Loktionov.
6:58 of 2nd period - Shot Misses the Net.
7:00 of 2nd period - Wrist shot by Andrei Loktionov.
7:00 of 2nd period - Goal by Andrei Loktionov - Staline : 3 - Scraper : 1.
7:01 of 2nd period - Roman Horak wins face-off versus Yan Stastny in neutral zone.
7:03 of 2nd period - Minor Penalty to Valeri Bure for Hooking.
7:04 of 2nd period - Derek Joslin wins face-off versus Yan Stastny in Scraper zone.
7:15 of 2nd period - Off-side.
7:16 of 2nd period - Yan Stastny wins face-off versus Rick Schofield in neutral zone.
9:03 of 2nd period - Penalty to Valeri Bure is over, Valeri Bure is back on ice.
9:17 of 2nd period - Snap shot by Ryan O'Reilly.
9:17 of 2nd period - Shot Blocked by Stu Bickel.
9:19 of 2nd period - Slapshot by Eric Gryba.
9:19 of 2nd period - Stopped by Tobias Stephan with a rebound.
9:29 of 2nd period - Denis Shvidki is hit by Stu Bickel and loses puck.
9:34 of 2nd period - Snap shot by Jared Boll.
9:34 of 2nd period - Shot Misses the Net.
9:40 of 2nd period - James Sheppard is hit by Evander Kane and loses puck.
9:56 of 2nd period - Tyler Cuma is hit by Jared Cowen and loses puck.
10:07 of 2nd period - Tyler Cuma is hit by Reilly Smith and loses puck.
10:25 of 2nd period - Ryan O'Reilly is hit by Zac Rinaldo.
10:41 of 2nd period - Wrist shot by Daniel Winnik.
10:41 of 2nd period - Stopped by Tobias Stephan with a rebound.
10:57 of 2nd period - James Sheppard is hit by Evander Kane and loses puck.
11:08 of 2nd period - Torey Krug is hit by Marcus Foligno and loses puck.
11:34 of 2nd period - Andrei Loktionov is hit by Derek Joslin and loses puck.
12:08 of 2nd period - Mason Raymond is hit by Joe Finley and loses puck.
12:35 of 2nd period - Icing by Denis Shvidki.
12:36 of 2nd period - Nick Spaling wins face-off versus Brayden Schenn in Scraper zone.
12:37 of 2nd period - Snap shot by Mathieu Perreault.
12:37 of 2nd period - Shot Misses the Net.
12:47 of 2nd period - Snap shot by J.T. Wyman.
12:47 of 2nd period - Shot Misses the Net.
12:57 of 2nd period - Brandon Prust is hit by Ben Eager and loses puck.
13:05 of 2nd period - Off-side.
13:06 of 2nd period - Mason Raymond wins face-off versus Roman Horak in neutral zone.
14:41 of 2nd period - Brendan Smith is hit by Tyler Cuma and loses puck.
15:25 of 2nd period - Off-side.
15:26 of 2nd period - Yan Stastny wins face-off versus Roman Horak in neutral zone.
15:46 of 2nd period - Snap shot by Mason Raymond.
15:46 of 2nd period - Stopped by Peter Mannino with a rebound.
15:48 of 2nd period - Slapshot by Andrei Loktionov.
15:48 of 2nd period - Goal by Andrei Loktionov - Staline : 4 - Scraper : 1.
15:49 of 2nd period - Ryan O'Reilly wins face-off versus Devin Setoguchi in neutral zone.
16:00 of 2nd period - Jared Cowen is hit by Devin Setoguchi and loses puck.
16:33 of 2nd period - Wrist shot by Brendan Smith.
16:33 of 2nd period - Shot Blocked by Yan Stastny.
16:35 of 2nd period - Snap shot by Brendan Smith.
16:35 of 2nd period - Deflect By Reilly Smith.
16:35 of 2nd period - Shot Blocked by Yan Stastny.
16:35 of 2nd period - Puck is out of play.
16:36 of 2nd period - Andrei Loktionov wins face-off versus Brayden Schenn in Staline zone.
17:01 of 2nd period - Derek Joslin is hit by Nick Spaling.
17:40 of 2nd period - Andrei Loktionov is hit by Joe Finley and loses puck.
18:11 of 2nd period - Nick Spaling is hit by Marcus Foligno.
18:29 of 2nd period - Slapshot by T.J. Fast.
18:29 of 2nd period - Stopped by Peter Mannino without a rebound.
18:30 of 2nd period - Yan Stastny wins face-off versus Brayden Schenn in Scraper zone.
18:34 of 2nd period - Slapshot by Devin Setoguchi.
18:34 of 2nd period - Stopped by Peter Mannino with a rebound.
18:36 of 2nd period - Wrist shot by Devin Setoguchi.
18:36 of 2nd period - Shot Blocked by Brayden Schenn.
18:46 of 2nd period - Snap shot by Brandon Prust.
18:46 of 2nd period - Shot Misses the Net.
19:19 of 2nd period - Wrist shot by Marcus Foligno.
19:19 of 2nd period - Stopped by Tobias Stephan without a rebound.
19:20 of 2nd period - Yan Stastny wins face-off versus Roman Horak in Staline zone.
19:45 of 2nd period - Jared Cowen is hit by Cam Janssen and loses puck.
Goals for this period are 4 for Staline vs 1 for Scraper.
Shots for this period are 19 for Staline vs 10 for Scraper.
3rd period
0:01 of 3rd period - Brayden Schenn wins face-off versus Yan Stastny in neutral zone.
0:16 of 3rd period - Snap shot by Evander Kane.
0:16 of 3rd period - Stopped by Tobias Stephan with a rebound.
0:26 of 3rd period - Yan Stastny is hit by Ryan O'Reilly and loses puck.
0:33 of 3rd period - Wrist shot by Ryan O'Reilly.
0:33 of 3rd period - Goal by Ryan O'Reilly - Staline : 4 - Scraper : 2.
0:34 of 3rd period - Brayden Schenn wins face-off versus Andrei Loktionov in neutral zone.
0:42 of 3rd period - Minor Penalty to T.J. Fast for Hooking.
0:43 of 3rd period - Devin Setoguchi wins face-off versus Brayden Schenn in Staline zone.
0:54 of 3rd period - Off-side.
0:55 of 3rd period - Devin Setoguchi wins face-off versus Brayden Schenn in neutral zone.
2:37 of 3rd period - Icing by Brendan Smith.
2:38 of 3rd period - Zac Rinaldo wins face-off versus Reilly Smith in Scraper zone.
2:42 of 3rd period - Penalty to T.J. Fast is over, T.J. Fast is back on ice.
3:06 of 3rd period - Minor Penalty to Marcus Foligno for Delaying the game.
3:07 of 3rd period - Rick Schofield wins face-off versus Yan Stastny in Scraper zone.
3:15 of 3rd period - Slapshot by Rick Schofield.
3:15 of 3rd period - Stopped by Tobias Stephan without a rebound.
3:16 of 3rd period - Yan Stastny wins face-off versus Rick Schofield in Staline zone.
3:46 of 3rd period - Slapshot by Devin Setoguchi.
3:46 of 3rd period - Goal by Devin Setoguchi - Staline : 5 - Scraper : 2.
3:47 of 3rd period - Yan Stastny wins face-off versus Brayden Schenn in neutral zone.
4:43 of 3rd period - Snap shot by Ryan O'Reilly.
4:43 of 3rd period - Stopped by Tobias Stephan with a rebound.
5:10 of 3rd period - Snap shot by Devin Setoguchi.
5:10 of 3rd period - Goal by Devin Setoguchi - Staline : 6 - Scraper : 2.
5:10 of 3rd period - Maxime Ouellet enters game.
5:11 of 3rd period - Andrei Loktionov wins face-off versus Brayden Schenn in neutral zone.
5:18 of 3rd period - Snap shot by Cam Janssen.
5:18 of 3rd period - Goal by Cam Janssen - Staline : 7 - Scraper : 2.
5:19 of 3rd period - Ryan O'Reilly wins face-off versus Andrei Loktionov in neutral zone.
5:24 of 3rd period - Cam Janssen is hit by Eric Gryba.
6:14 of 3rd period - Wrist shot by Jared Boll.
6:14 of 3rd period - Shot Misses the Net.
6:18 of 3rd period - Wrist shot by Jared Boll.
6:18 of 3rd period - Shot Misses the Net.
6:20 of 3rd period - Slapshot by Greg Pateryn.
6:20 of 3rd period - Shot Blocked by Derek Joslin.
6:22 of 3rd period - Wrist shot by Greg Pateryn.
6:22 of 3rd period - Shot Blocked by Brayden Schenn.
6:38 of 3rd period - Snap shot by Valeri Bure.
6:38 of 3rd period - Shot Misses the Net.
6:40 of 3rd period - Slapshot by Marcus Foligno.
6:40 of 3rd period - Stopped by Tobias Stephan with a rebound.
6:42 of 3rd period - Slapshot by Eric Gryba.
6:42 of 3rd period - Stopped by Tobias Stephan with a rebound.
7:02 of 3rd period - Ben Eager is hit by Cam Janssen and loses puck.
7:13 of 3rd period - Nick Spaling is hit by Eric Godard and loses puck.
7:29 of 3rd period - Icing by Daniel Winnik.
7:30 of 3rd period - Zac Rinaldo wins face-off versus Roman Horak in Scraper zone.
7:39 of 3rd period - Snap shot by Ilkka Heikkinen.
7:39 of 3rd period - Deflect By Theo Peckham.
7:39 of 3rd period - Stopped by Tobias Stephan with a rebound.
8:19 of 3rd period - Slapshot by T.J. Fast.
8:19 of 3rd period - Shot Blocked by Joe Finley.
8:39 of 3rd period - Slapshot by Ilkka Heikkinen.
8:39 of 3rd period - Shot Misses the Net.
8:49 of 3rd period - Wrist shot by Ryan O'Reilly.
8:49 of 3rd period - Stopped by Tobias Stephan with a rebound.
8:53 of 3rd period - Wrist shot by Ben Eager.
8:53 of 3rd period - Deflect By Ryan O'Reilly.
8:53 of 3rd period - Shot Misses the Net.
8:53 of 3rd period - Puck is out of play.
8:54 of 3rd period - Devin Setoguchi wins face-off versus Brayden Schenn in Staline zone.
10:02 of 3rd period - T.J. Fast is hit by Roman Horak and loses puck.
10:13 of 3rd period - T.J. Fast is hit by Brendan Smith and loses puck.
11:42 of 3rd period - Wrist shot by Jared Boll.
11:42 of 3rd period - Shot Misses the Net.
11:56 of 3rd period - Brayden Schenn is hit by Mason Raymond and loses puck.
12:01 of 3rd period - Snap shot by Cam Janssen.
12:01 of 3rd period - Shot Blocked by Daniel Winnik.
12:11 of 3rd period - Ilkka Heikkinen is hit by Yan Stastny and loses puck.
12:18 of 3rd period - Wrist shot by Brandon Prust.
12:18 of 3rd period - Shot Blocked by Joe Finley.
12:20 of 3rd period - Slapshot by Brandon Prust.
12:20 of 3rd period - Stopped by Maxime Ouellet without a rebound.
12:21 of 3rd period - Ryan O'Reilly wins face-off versus Devin Setoguchi in Scraper zone.
13:12 of 3rd period - Minor Penalty to Greg Pateryn for Hooking.
13:13 of 3rd period - Brayden Schenn wins face-off versus Devin Setoguchi in Staline zone.
15:07 of 3rd period - Brendan Smith is hit by Mason Raymond and loses puck.
15:12 of 3rd period - Penalty to Greg Pateryn is over, Greg Pateryn is back on ice.
15:43 of 3rd period - Ryan O'Reilly is hit by Theo Peckham and loses puck.
16:02 of 3rd period - Slapshot by Tyler Cuma.
16:02 of 3rd period - Stopped by Maxime Ouellet with a rebound.
16:04 of 3rd period - Snap shot by Mason Raymond.
16:04 of 3rd period - Stopped by Maxime Ouellet without a rebound.
16:04 of 3rd period - Minor Penalty to Maxime Ouellet for Slashing.
16:05 of 3rd period - Yan Stastny wins face-off versus Rick Schofield in Scraper zone.
16:10 of 3rd period - Wrist shot by Devin Setoguchi.
16:10 of 3rd period - Shot Blocked by Jared Cowen.
16:12 of 3rd period - Snap shot by Yan Stastny.
16:12 of 3rd period - Stopped by Maxime Ouellet with a rebound.
16:14 of 3rd period - Wrist shot by Brandon Prust.
16:14 of 3rd period - Goal by Brandon Prust - Staline : 8 - Scraper : 2.
16:15 of 3rd period - Brayden Schenn wins face-off versus Yan Stastny in neutral zone.
16:44 of 3rd period - Derek Joslin is hit by T.J. Fast and loses puck.
18:03 of 3rd period - Wrist shot by Theo Peckham.
18:03 of 3rd period - Deflect By Zac Rinaldo.
18:03 of 3rd period - Shot Blocked by Reilly Smith.
18:03 of 3rd period - Puck is out of play.
18:04 of 3rd period - Zac Rinaldo wins face-off versus Brayden Schenn in Scraper zone.
18:07 of 3rd period - Snap shot by Jared Boll.
18:07 of 3rd period - Deflect By James Sheppard.
18:07 of 3rd period - Shot Misses the Net.
18:07 of 3rd period - Puck is out of play.
18:08 of 3rd period - Andrei Loktionov wins face-off versus Brayden Schenn in Scraper zone.
18:11 of 3rd period - Wrist shot by Cam Janssen.
18:11 of 3rd period - Stopped by Maxime Ouellet without a rebound.
18:12 of 3rd period - Andrei Loktionov wins face-off versus Brayden Schenn in Scraper zone.
18:32 of 3rd period - Snap shot by Evander Kane.
18:32 of 3rd period - Goal by Evander Kane - Staline : 8 - Scraper : 3.
18:33 of 3rd period - Yan Stastny wins face-off versus Brayden Schenn in neutral zone.
18:35 of 3rd period - Stu Bickel is hit by Brendan Smith and loses puck.
19:49 of 3rd period - Snap shot by J.T. Wyman.
19:49 of 3rd period - Shot Misses the Net.
19:51 of 3rd period - Slapshot by Torey Krug.
19:51 of 3rd period - Deflect By Brayden Schenn.
19:51 of 3rd period - Stopped by Maxime Ouellet with a rebound.
19:53 of 3rd period - Slapshot by Torey Krug.
19:53 of 3rd period - Stopped by Maxime Ouellet without a rebound.
19:54 of 3rd period - Ryan O'Reilly wins face-off versus Devin Setoguchi in Scraper zone.
Goals for this period are 4 for Staline vs 2 for Scraper.
Shots for this period are 11 for Staline vs 9 for Scraper.
Output by the SimonT Hockey Simulator (STHS) for François Prévost -- Original Page W3C XHTML 1.0 Valid